 Dungeon Crawl Stone Soup version 0.27-a0-1545-g3eddc1d3d3 (webtiles) character file.

Game seed: 10814744831772719633

6036 Colgate the Brawler (level 10, -11/77 HPs)
             Began as a Ghoul Monk on July 13, 2021.
             Was an Elder of Qazlal.
             Mangled by a tengu warrior (13 damage)
             ... on level 9 of the Dungeon.
             The game lasted 01:43:14 (10568 turns).

Colgate the Brawler (Ghoul Monk)                   Turns: 10568, Time: 01:43:14

Health: -11/77     AC: 11    Str: 18    XL:     10   Next: 86%
Magic:  10/10      EV: 16    Int:  5    God:    Qazlal [****..]
Gold:   526        SH:  8    Dex: 12    Spells: 9/9 levels left

rFire    . . .     SeeInvis .     - Unarmed
rCold    + . .     Faith    .   x - +0 buckler
rNeg     + + +     Spirit   .   l - +2 robe {rN+}
rPois    ∞         Reflect  .   (no helmet)
rElec    .         Harm     .   (no cloak)
rCorr    .         Rampage  .   (no gloves)
Will     .....                  e - +2 pair of boots
Stlth    +.........             b - amulet of magic regeneration
HPRegen  0.00/turn              g - +4 ring of protection
MPRegen  0.37/turn              y - +4 ring of evasion

@: studying Evocations, repel missiles
A: claws 1, cold resistance 1, negative energy resistance 3, inhibited
regeneration, torment resistance 2
a: Renounce Religion, Upheaval, Elemental Force


You were on level 9 of the Dungeon.
You worshipped Qazlal.
Qazlal was greatly pleased with you.
You visited 1 branch of the dungeon, and saw 9 of its levels.

You collected 526 gold pieces.

Inventory:

Hand Weapons
 a - a +0 hunting sling
Missiles
 c - 266 stones
 w - 10 boomerangs
 z - 115 sling bullets
 U - 25 poisoned darts (quivered)
Armour
 e - a +2 pair of boots (worn)
 i - a +0 chain mail
 l - a +2 robe of positive energy (worn)
 o - a +0 pair of gloves
 p - a +0 ring mail
 s - a +0 scale mail
 x - a +0 buckler (worn)
 E - a +1 robe of cold resistance
 F - a +0 leather armour of fire resistance
 P - a +0 plate armour
Jewellery
 b - an amulet of magic regeneration (around neck)
 g - a +4 ring of protection (left claw)
 y - a +4 ring of evasion (right claw)
 A - a ring of ice
 I - a ring of resist corrosion
 O - a +6 ring of intelligence
 S - a ring of fire
Wands
 f - a wand of mindburst (21)
 B - a wand of flame (67)
 R - a wand of charming (7)
Scrolls
 d - 2 scrolls of enchant armour {unknown}
 h - 4 scrolls of teleportation {unknown}
 j - 8 scrolls of identify {unknown}
 k - a scroll of brand weapon {unknown}
 m - a scroll of silence {unknown}
 r - a scroll of holy word {unknown}
 t - 2 scrolls of immolation {unknown}
 D - a scroll of amnesia {unknown}
 G - a scroll of enchant weapon {unknown}
 J - 2 scrolls of magic mapping {unknown}
 L - 2 scrolls of fear {unknown}
 M - 2 scrolls of torment {unknown}
 T - a scroll of fog {unknown}
Potions
 n - a potion of invisibility {unknown}
 q - a potion of haste {unknown}
 u - 2 potions of lignification {unknown}
 v - 2 potions of heal wounds
 C - 4 potions of curing {unknown}
 H - a potion of cancellation {unknown}
 K - 3 potions of might {unknown}
 N - a potion of brilliance {unknown}
 Q - a potion of degeneration {unknown}
 V - 2 potions of flight
Miscellaneous
 W - a lightning rod (2/4)


   Skills:
 - Level 3.2 Fighting
 - Level 5.0 Slings
 - Level 2.4 Armour
 - Level 2.9 Dodging
 - Level 2.1 Stealth
 - Level 1.1 Shields
 + Level 15.1 Unarmed Combat
 - Level 1.6 Invocations


You had 9 spell levels left.
You didn't know any spells.
Your spell library contained the following spells:

 Spells                   Type           Power      Damage    Failure   Level
 Animate Skeleton         Necr           0%         N/A       58%         1
 Apportation              Tloc           0%         N/A       58%         1
 Corona                   Hex            0%         N/A       58%         1
 Freeze                   Ice            0%         1d3       58%         1
 Pain                     Necr           0%         1d4       58%         1
 Summon Small Mammal      Summ           0%         N/A       58%         1
 Conjure Flame            Conj/Fire      0%         6-21      92%         3
 Frozen Ramparts          Ice            0%         1d2       92%         3
 Ignite Poison            Fire/Tmut/Pois 0%         N/A       92%         3
 Summon Guardian Golem    Hex/Summ       0%         N/A       92%         3
 Vampiric Draining        Necr           0%         2d6       92%         3
 Fulminant Prism          Conj/Hex       0%         3d6       100%        4
 Hailstorm                Conj/Ice       0%         3d3       100%        4
 Iskenderun's Mystic Bla  Conj/Tloc      0%         2d3       100%        4
 Sticky Flame             Conj/Fire      0%         2d3       100%        4
 Fireball                 Conj/Fire      0%         3d3       100%        5
 Lee's Rapid Deconstruct  Erth           0%         3d5*      100%        5
 Starburst                Conj/Fire      0%         8x6d3     100%        6
 Orb of Destruction       Conj           0%         N/A       100%        7
 Spellforged Servitor     Conj/Summ      0%         N/A       100%        7
 Ignition                 Fire           0%         3d3       100%        8


Dungeon Overview and Level Annotations

Branches:
Dungeon (9/15)             Temple (0/1) D:7             Orc (0/2) D:9
   Lair: D:8-11

Altars:
Ashenzari
Elyvilon
Fedhas
Nemelex Xobeh
Qazlal
Ru
Uskayaw
Vehumet
Wu Jian


Innate Abilities, Weirdness & Mutations

You thrive by killing the living.
You are immune to poison.
You have sharp fingernails.
Your flesh is cold resistant. (rC+)
You are immune to negative energy. (rN+++)
You do not regenerate when monsters are visible.
You are immune to unholy pain and torment.


Message History

The tengu warrior pecks you.
The tengu warrior claws you but does no damage.
You are too injured to fight recklessly!
The tengu warrior blocks your attack.
The tengu warrior is severely wounded.
The tengu warrior barely misses you. The tengu warrior closely misses you.
The tengu warrior completely misses you.
You barely miss the tengu warrior.
The tengu warrior is severely wounded.
The tengu warrior hits you with a +7 mace of protection!
The tengu warrior closely misses you. You block the tengu warrior's attack.
You barely miss the tengu warrior.
The tengu warrior is severely wounded.
The tengu warrior blocks your attack.
The tengu warrior is severely wounded.
The tengu warrior hits you with a +7 mace of protection!
* * * LOW HITPOINT WARNING * * *
You block the tengu warrior's attack. The tengu warrior closely misses you.
The tengu warrior blocks your attack.
The tengu warrior is severely wounded.
You block the tengu warrior's attack.
The tengu warrior pecks you but does no damage.
The tengu warrior claws you.
* * * LOW HITPOINT WARNING * * *
You miss the tengu warrior.
The tengu warrior is severely wounded.
The tengu warrior closely misses you. You block the tengu warrior's attack.
The tengu warrior claws you but does no damage.
You closely miss the tengu warrior.
The tengu warrior is severely wounded.
You block the tengu warrior's attack.
The tengu warrior completely misses you.
The tengu warrior claws you.
* * * LOW HITPOINT WARNING * * *
You barely miss the tengu warrior.
The tengu warrior is severely wounded.
The tengu warrior blocks your attack.
The tengu warrior is severely wounded.
The tengu warrior hits you with a +7 mace of protection!
You die...

#......### #......#
#......# #......#
#......# ##.##### #..#
####### ##Q# #....>.
#####@#### #......
#..○.☼.°.#######......
#........'....##.>....
#..<.....####..#......
#........# ##.'..>...
#........# ###......
#........# #......
#........# #......
########## #######


You could see a tengu warrior.

Vanquished Creatures
  A boulder beetle (D:9)
  A two-headed ogre (D:9)
  The ghost of dricus the Magician, an amateur DgAE (D:4)
  A troll (D:7)
  Prince Ribbit (D:5)
  Sigmund (D:5)
  A shadow (D:9)
  A wyvern (D:9)
  A steam dragon (D:8)
  Edmund (D:5)
  2 water moccasins (D:7)
  An orc warrior (D:7)
  2 sky beasts
  An ice beast (D:7)
  3 ogres
  2 black bears
  2 necrophages
  4 wolves (D:9)
  A centaur (D:6)
  A phantom (D:4)
  A kobold brigand (D:9)
  A bullfrog (D:9)
  Blork the orc (D:5)
  2 scorpions
  2 wyvern zombies
  A water moccasin skeleton (D:7)
  A howler monkey (D:8)
  2 centaur zombies (D:8)
  5 hounds
  A bullfrog skeleton (D:5)
  3 orc priests
  3 iguanas
  A jelly (D:8)
  A centaur skeleton (D:4)
  A gnoll shaman (D:4)
  8 orc wizards
  2 howler monkey zombies
  10 gnolls
  12 adders
  A white imp (D:7)
  An ufetubus (D:7)
  An adder skeleton (D:4)
  A worm (D:3)
  A dart slug (D:4)
  29 orcs
  9 ball pythons
  10 endoplasms
  5 giant cockroaches
  10 goblins
  6 hobgoblins
  13 jackals
  3 quokkas
  7 bats
  2 frilled lizards
  13 kobolds
  6 rats
  2 butterflies (D:7)
207 creatures vanquished.

Vanquished Creatures (collateral kills)
  Grum (D:9)
  A gnoll sergeant (D:9)
  3 gnolls (D:9)
5 creatures vanquished.

Vanquished Creatures (others)
  A gnoll (D:4)
  6 plants (D:4)
7 creatures vanquished.

Grand Total: 219 creatures vanquished

Notes
Turn   | Place    | Note
-------+----------+-------------------------------------------
     0 | D:1      | Colgate the Ghoul Monk began the quest for the Orb.
     0 | D:1      | Reached XP level 1. HP: 19/19 MP: 0/0
   282 | D:1      | Reached XP level 2. HP: 26/26 MP: 1/1
   324 | D:1      | Reached skill level 4 in Unarmed Combat
   586 | D:1      | Reached XP level 3. HP: 30/31 MP: 2/2
  1543 | D:2      | Found a faded altar of an unknown god.
  1605 | D:2      | Became a worshipper of Qazlal Stormbringer
  1605 | D:2      | Reached * piety under Qazlal
  1605 | D:2      | Reached ** piety under Qazlal
  1633 | D:2      | Reached skill level 5 in Unarmed Combat
  1680 | D:2      | Reached *** piety under Qazlal
  1681 | D:2      | Reached XP level 4. HP: 38/38 MP: 3/3
  2390 | D:3      | Reached skill level 6 in Unarmed Combat
  2390 | D:3      | Reached XP level 5. HP: 34/45 MP: 4/4
  2396 | D:3      | Reached skill level 1 in Slings
  2652 | D:3      | Found a broken altar of Ashenzari.
  2826 | D:3      | Noticed an ogre
  2892 | D:3      | Killed an ogre
  2893 | D:3      | Reached XP level 6. HP: 32/51 MP: 1/5
  3533 | D:4      | Reached skill level 7 in Unarmed Combat
  3805 | D:4      | Found a transporter.
  3888 | D:4      | Reached XP level 7. HP: 57/57 MP: 6/6
  3972 | D:4      | Noticed dricus's ghost (amateur DgAE)
  3996 | D:4      | Found a transporter.
  4093 | D:4      | Reached **** piety under Qazlal
  4370 | D:4      | Reached skill level 8 in Unarmed Combat
  4654 | D:4      | Killed dricus's ghost
  4655 | D:4      | Reached skill level 9 in Unarmed Combat
  4655 | D:4      | Reached XP level 8. HP: 24/63 MP: 4/7
  4923 | D:5      | Entered Level 5 of the Dungeon
  4933 | D:5      | Reached skill level 1 in Armour
  5078 | D:5      | Found a stormy altar of Qazlal.
  5150 | D:5      | Noticed Sigmund
  5162 | D:5      | Killed Sigmund
  5222 | D:5      | Noticed Blork the orc
  5228 | D:5      | Reached skill level 10 in Unarmed Combat
  5243 | D:5      | Killed Blork the orc
  5244 | D:5      | Reached skill level 1 in Invocations
  5280 | D:5      | Reached skill level 1 in Shields
  5714 | D:5      | Found a hide-covered altar of Uskayaw.
  5992 | D:5      | Noticed Prince Ribbit
  6017 | D:5      | Killed Prince Ribbit
  6173 | D:5      | Noticed Edmund
  6184 | D:5      | Killed Edmund
  6185 | D:5      | Reached skill level 11 in Unarmed Combat
  6185 | D:5      | Reached XP level 9. HP: 70/70 MP: 6/9
  7025 | D:6      | Reached skill level 12 in Unarmed Combat
  7370 | D:7      | Noticed a troll
  7396 | D:7      | Killed a troll
  7397 | D:7      | Reached skill level 13 in Unarmed Combat
  7576 | D:7      | Found a staircase to the Ecumenical Temple.
  7777 | D:7      | Reached XP level 10. HP: 71/77 MP: 10/10
  8610 | D:8      | Reached skill level 14 in Unarmed Combat
  8670 | D:8      | Found a blossoming altar of Fedhas.
  8725 | D:8      | Found a sparkling altar of Nemelex Xobeh.
  8884 | D:8      | Found an ornate altar of the Wu Jian Council.
  8884 | D:8      | Found a radiant altar of Vehumet.
  9250 | D:9      | Found a staircase to the Orcish Mines.
  9368 | D:9      | Noticed a tengu warrior
  9370 | D:9      | Noticed a boulder beetle
  9436 | D:9      | Noticed Grum
  9462 | D:9      | Killed Grum
  9469 | D:9      | Reached skill level 5 in Slings
  9905 | D:9      | Found a sacrificial altar of Ru.
  9960 | D:9      | Noticed a two-headed ogre
  9972 | D:9      | Killed a two-headed ogre
 10262 | D:9      | Killed a boulder beetle
 10263 | D:9      | Reached skill level 15 in Unarmed Combat
 10566 | D:9      | HP: 2/77 [tengu warrior (4)]
 10568 | D:9      | Mangled by a tengu warrior

Illustrated notes

Levels and vault maps discovered:
D:1:      dpeg_arrival_morbid_curiosity, layout_basic, minmay_unequal
D:2:      layout_basic, ebering_ecumenical_altar_mist, lightli_corner_chamber
D:3:      layout_loops_cross, gammafunk_temple_overflow_statue, serial_glass,
          glass_columns_b, glass_columns_a, glass_columns_a, glass_columns_c,
          minmay_randomly_rotated_circles
D:4:      layout_loops_ring, gammafunk_ghost_gnarly_gnolls, minmay_puff
D:5:      layout_basic, nicolae_qazlal_scattered_showers, kennysheep_little_box,
          uniq_prince_ribbit1, uniq_sigmund, uniq_edmund, uniq_blork_the_orc
D:6:      layout_rooms
D:7:      layout_basic, minmay_temple_entry_butterflies
D:8:      layout_layer_cave, mainiacjoe_overflow_cross_hatched,
          gammafunk_temple_overflow_elements, marbit_many_paths
D:9:      layout_roguey, nicolae_ru_the_path_less_chosen, minmay_radiant,
          uniq_grum

Skill      XL: |  1  2  3  4  5  6  7  8  9 10 |
---------------+-------------------------------+-----
Unarmed Combat | 4 5 6 7 9 11 13 15 | 15.1
Slings         | 3 5 |  5.0
Armour         | 2 |  2.4
Invocations    | 1 |  1.6
Shields        | 1 |  1.1
Fighting       | |  3.2
Dodging        | |  2.9
Stealth        | |  2.1

Action                   |  1- 3 |  4- 6 |  7- 9 | 10-12 || total
-------------------------+-------+-------+-------+-------++-------
Melee: Unarmed           |    94 |   109 |   245 |   134 ||   582
       Punch             |     1 |     2 |       |       ||     3
 Fire: Hunting sling     |    16 |    80 |    95 |    37 ||   228
Throw: Stone             |    32 |     8 |       |       ||    40
       Boomerang         |       |       |    16 |     4 ||    20
       Dart              |       |       |       |     6 ||     6
Invok: Upheaval          |       |     1 |     6 |     1 ||     8
       Elemental Force   |       |       |       |     1 ||     1
Evoke: Wand              |       |       |     3 |     4 ||     7
       Lightning rod     |       |       |       |     2 ||     2
  Use: Potion            |       |     2 |       |       ||     2
 Stab: Sleeping          |     3 |       |       |       ||     3
Armor: Robe              |    18 |       |    22 |     6 ||    46
       Ring mail         |     5 |    29 |    24 |       ||    58
       Leather armour    |       |       |    25 |    22 ||    47
Dodge: Dodged            |    49 |    26 |   119 |    60 ||   254
       Repelled          |       |       |     1 |       ||     1
Block: Other             |       |    13 |     2 |       ||    15
       Buckler           |       |       |    71 |    36 ||   107

Table legend: (Time is in decaauts)
 A = Elapsed time spent in this place.
 B = Non-inter-level travel time spent in this place.
 C = Inter-level travel time spent in this place.
 D = Time resting spent in this place.
 E = Time spent auto-exploring this place.
 F = Levels seen in this place.
 G = Mean time per level.
                   A        B        C        D        E       F      G
               +--------+--------+--------+--------+--------+-----+--------+
         Total |  10429 |   9646 |    783 |      0 |   7491 |   9 | 1158.8 |
       Dungeon |  10429 |   9646 |    783 |      0 |   7491 |   9 | 1158.8 |
               +--------+--------+--------+--------+--------+-----+--------+

Top non-repeatable levels by time:
     D:5: 1820 daAuts
     D:4: 1688 daAuts
     D:1: 1392 daAuts
     D:9: 1275 daAuts
     D:3: 1122 daAuts
     D:8: 982 daAuts
     D:7: 908 daAuts
     D:2: 727 daAuts
     D:6: 510 daAuts
